 Dungeon Crawl Stone Soup version 0.26.0-10-g1f06aea511 (webtiles) character file.

Game seed: 17202737321983301727

57 dohliylev the Covered (level 4, 0/28 HPs)
             Began as a Gargoyle Fighter on Jan 16, 2021.
             Slain by an orc wizard
             ... wielding a +0 dagger
              (1 damage)
             ... on level 2 of the Dungeon.
             The game lasted 00:02:51 (1451 turns).

dohliylev the Covered (Gargoyle Fighter)            Turns: 1451, Time: 00:02:52

Health: 0/28       AC: 11    Str: 21    XL:     4   Next: 0%
Magic:  4/4        EV:  7    Int:  8    God:
Gold:   120        SH:  9    Dex:  9    Spells: 3/3 levels left

rFire    . . .     SeeInvis .   a - +0 flail
rCold    . . .     Faith    .   c - +0 kite shield
rNeg     + . .     Spirit   .   b - +0 scale mail
rPois    ∞         Reflect  .   (no helmet)
rElec    +         Harm     .   (no cloak)
rCorr    .         Rampage  .   j - +0 pair of gloves
Will     .....                  (no boots)
Stlth    ..........             (no amulet)
HPRegen  0.09/turn              (no ring)
MPRegen  0.09/turn              (no ring)

@: attractive
A: negative energy resistance 1, electricity resistance, unbreathing,
petrification resistance, miasma immunity, AC +3
a: no special abilities


You were on level 2 of the Dungeon.
You visited 1 branch of the dungeon, and saw 3 of its levels.

You collected 120 gold pieces.

Inventory:

Hand Weapons
 a - a +0 flail (weapon)
Armour
 b - a +0 scale mail (worn)
 c - a +0 kite shield (worn)
 j - a +0 pair of gloves (worn)
Wands
 k - a wand of iceblast (6)
Scrolls
 e - 2 scrolls of teleportation {unknown}
 g - 3 scrolls of identify {unknown}
 h - 2 scrolls of remove curse {unknown}
 i - a scroll of amnesia {unknown}
 l - 2 scrolls of fog {unknown}
Potions
 d - a potion of might
 f - a potion of attraction


   Skills:
 - Level 3.2 Fighting
 + Level 3.2 Maces & Flails
 + Level 3.8 Armour
 + Level 0.1 Dodging
 + Level 3.7 Shields


You had 3 spell levels left.
You didn't know any spells.
Your spell library was empty.

Dungeon Overview and Level Annotations

Branches:
Dungeon (3/15)

Altars:


Innate Abilities, Weirdness & Mutations

You are resistant to torment.
Your stone body is resilient. (AC +3)
You are immune to poison.
You resist negative energy. (rN+)
You are resistant to electric shocks. (rElec)
You can survive without breathing.
You are immune to petrification.
You are immune to miasma.


Message History

The puff of flame hits you.
* * * LOW HITPOINT WARNING * * *
There is an open door here.
You're too confused to move!
You hear some strange, mumbled words.
A puff of flame appears from out of thin air!
The puff of flame hits you but does no damage.
You bump into the rock wall.
You hear some strange, mumbled words.
A puff of flame appears from out of thin air!
The puff of flame hits you.
* * * LOW HITPOINT WARNING * * *
You bump into the rock wall.
Something hits you but does no damage.
You're too confused to move!
You feel less confused. Something hits you but does no damage.
It was a potion of attraction.
You feel attractive to monsters. Something hits you.
You die...

#.# ######...## #.# ..# ##.##
#.# #### #.# #.######## ...#
#.# #........# ##.# ##+##
########.# ##.# ##...##
####.#### ##.# ##.....##
##.......# ##.## ##.......##
##..##.##.#
#...####........@####...#.[...#
)......'.........'>........##.#
#...####......(..####...#..##.#
##.## ##.......## ##..#.###.#
#### ##.....## ##.#.# #.# #
##...## #.#.###.# # ##+##
#.......# # #.# ###.##### #
###.## #.#


There were no monsters in sight!

Vanquished Creatures
  2 adders
  A dart slug (D:1)
  2 leopard geckos (D:1)
  An orc (D:3)
  A giant cockroach (D:2)
  10 goblins
  A hobgoblin (D:1)
  A ball python (D:2)
  7 bats
  2 frilled lizards
  3 kobolds
  4 rats
35 creatures vanquished.

Notes
Turn   | Place    | Note
-------+----------+-------------------------------------------
     0 | D:1      | dohliylev the Gargoyle Fighter began the quest for the Orb.
     0 | D:1      | Reached XP level 1. HP: 14/14 MP: 1/1
   238 | D:1      | Reached XP level 2. HP: 18/19 MP: 2/2
   727 | D:2      | Found a faded altar of an unknown god.
   773 | D:2      | Reached XP level 3. HP: 23/23 MP: 3/3
  1419 | D:3      | Reached XP level 4. HP: 9/28 MP: 4/4
  1446 | D:2      | HP: 1/28 [something/puff of flame (2)]
  1451 | D:2      | Slain by an orc wizard

Illustrated notes

Levels and vault maps discovered:
D:1:      amcnicky_arrival_blooded_trapdoor, layout_rooms, minmay_tiny_reverse_x
D:2:      layout_loops_corners, chequers_ecumenical_altar_lobes
D:3:      layout_basic, lemuel_coloured_pillars_altar, nrook_mini_vaults

Skill      XL: |  1  2  3 |
---------------+----------+-----
Maces & Flails | 3 |  3.2
Fighting       | |  3.2
Armour         | |  3.8
Dodging        | |  0.1
Shields        | |  3.7

Action                   |  1- 3 |  4- 6 || total
-------------------------+-------+-------++-------
Melee: Flail             |    98 |    10 ||   108
  Use: Potion            |       |     1 ||     1
Armor: Scale mail        |    64 |    14 ||    78
Dodge: Dodged            |    43 |     2 ||    45
Block: Kite shield       |    61 |     2 ||    63
